Map: Iron Fortress LE (Void)

Players

raynors - Winner!

  • Race: Terran Terran
  • League: Grandmaster

IlIIlIlIlIIl - Winner!

  • Race: Terran Terran
  • League: Grandmaster

Apex

  • Race: Terran Terran
  • League: Grandmaster

Phantom

  • Race: Terran Terran
  • League: Grandmaster

VOD

Have the link to the VOD?

Description

Time

  • Played on: June 10, 2015, 4:02 a.m.
  • Length: 9:46
Show
View Real Time Build Order
Export as new Build Order

raynors Terran - Winner!

Build Orders:  

Get SALT Encoding   

  12  0:03  SCV  
  13  0:17  Supply Depot  
  13  0:22  SCV  
  14  0:35  Refinery  
  14  0:43  Barracks  
  14  0:56  SCV  
  15  1:12  SCV  
  15  1:15  Refinery  
  16  1:36  Factory  
  16  1:37  Marine  
  17  1:55  Orbital Command  
  17  2:00  Marine  
  18  2:26  SCV  
  19  2:39  Command Center  
  19  2:40  Factory Tech Lab, Starport  
  18  3:01  Marine  
  19  3:09  Factory Reactor  
  19  3:13  Engineering Bay  
  19  3:17  Engineering Bay  
  19  3:19  Marine  
  20  3:24  Banshee  
  23  3:47  Terran Infantry Weapons Level 1, Terran Infantry Armor Level 1  
  22  4:00  Widow Mine  
  22  4:02  SCV  
  25  4:16  Banshee  
  28  4:22  SCV  
  28  4:38  Widow Mine x2  
  28  4:41  SCV  
  33  4:46  Marine  
  34  4:58  Orbital Command  
  34  5:12  Banshee  
  36  5:34  Orbital Command  
  35  5:40  Missile Turret  
  34  5:53  Missile Turret  
  33  6:00  Marine  
  33  6:18  SCV  
  33  6:20  SCV  
  35  6:32  Missile Turret  
  32  6:35  Banshee, Marine  
  31  6:56  Widow Mine  
  31  6:57  Widow Mine  
  31  6:59  Marine  
  34  7:06  SCV  
  35  7:18  Banshee  
  38  7:22  Marine  
  38  7:23  SCV  
  37  7:32  Barracks  
  37  7:33  SCV  
  37  7:34  Barracks  
  38  7:57  Supply Depot x2  
  38  8:18  Banshee, Marine, SCV x2, Widow Mine x2  
  48  8:28  Barracks Tech Lab  
  48  8:29  Barracks Tech Lab  
  48  8:33  SCV x2  
  49  8:57  Factory  
  49  9:00  Marauder x2  
  53  9:03  Factory Tech Lab  
  53  9:05  Refinery  
  53  9:07  Refinery  
  53  9:17  SCV  
  53  9:23  Command Center  
Show
View Real Time Build Order
Export as new Build Order

IlIIlIlIlIIl Terran - Winner!

Build Orders: Banshee Rush 

Get SALT Encoding   

  12  0:02  SCV  
  13  0:14  SCV  
  14  0:23  Supply Depot  
  14  0:26  SCV  
  15  0:45  SCV  
  15  0:48  Barracks  
  16  0:56  Refinery  
  17  0:57  SCV  
  17  1:02  Refinery  
  17  1:09  SCV  
  18  1:21  SCV  
  19  1:33  SCV  
  19  1:38  Supply Depot  
  20  1:40  Marine  
  20  1:45  SCV  
  22  2:09  Factory  
  22  2:13  Orbital Command  
  21  2:21  Barracks Tech Lab  
  21  2:27  Barracks Reactor  
  21  2:41  SCV  
  21  2:42  Command Center  
  22  2:54  Factory Tech Lab  
  22  2:55  Starport  
  22  2:56  SCV  
  23  3:08  SCV  
  23  3:11  Supply Depot  
  24  3:19  Barracks Tech Lab  
  24  3:28  SCV  
  24  3:32  Barracks  
  24  3:33  Hellion x2  
  29  3:44  Banshee  
  29  3:45  Cloaking Field  
  32  3:49  SCV  
  33  3:59  Hellion  
  33  4:01  SCV  
  36  4:12  SCV  
  36  4:13  SCV  
  36  4:16  Hellion  
  40  4:20  Hellion  
  40  4:22  Marauder  
  44  4:27  Barracks Reactor  
  44  4:32  SCV  
  44  4:33  SCV  
  44  4:35  Refinery  
  44  4:37  Refinery  
  46  4:39  Medivac  
  46  4:44  SCV, Marauder  
  51  4:47  SCV  
  52  4:55  Supply Depot  
  52  4:58  Supply Depot  
  52  5:04  Orbital Command  
  50  5:09  Marine x2  
  51  5:19  Marine  
  51  5:23  Medivac  
  51  5:30  Marine x2  
  51  5:42  Marine  
  49  5:56  SCV  
  49  5:57  SCV  
  50  6:03  Marine x3  
  50  6:20  Hellion x2  
  50  6:21  Medivac  
  52  6:32  Marine x3  
  51  6:36  Engineering Bay  
  51  6:38  Engineering Bay  
  42  6:50  Marine x2  
  42  6:58  Marine  
  42  6:59  Hellion  
  42  7:00  Hellion  
  42  7:01  Medivac  
  49  7:07  Marine  
  50  7:11  Terran Infantry Weapons Level 1  
  50  7:12  Terran Infantry Armor Level 1  
  45  7:27  Marine x2  
  41  7:33  SCV x2  
  37  7:44  Missile Turret  
  37  7:45  SCV x2, Marine x2  
  36  7:58  SCV  
  31  8:10  SCV  
  29  8:22  SCV, Marine x2  
  32  8:32  Missile Turret  
  24  8:50  SCV  
  25  9:02  SCV  
  25  9:14  Marine  
  25  9:15  Marine  
  27  9:19  Marine  
Show
View Real Time Build Order
Export as new Build Order

Apex Terran 

Build Orders:  

Get SALT Encoding   

Show
View Real Time Build Order
Export as new Build Order

Phantom Terran 

Build Orders:  

Get SALT Encoding   

Tags
 
Add a new tag
Caveats
  • Supply blocks, unpowered buildings, or Contaminate may cause inaccurate times.
  • Supply counts are checked every 10 seconds.